 Dungeon Crawl Stone Soup version 0.20.1-1-g8b1a95d (webtiles) character file.

115 gobwax the Slasher (level 5, -3/39 HPs)
             Began as a Barachi Skald on July 10, 2017.
             Slain by a centaur (4 damage)
             ... on level 3 of the Dungeon.
             The game lasted 00:03:23 (1986 turns).

gobwax the Slasher (Barachi Skald)                  Turns: 1986, Time: 00:03:24

Health: -3/39      AC:  5    Str: 20    XL:     5   Next: 0%
Magic:  3/8        EV: 12    Int: 13    God:
Gold:   85         SH:  0    Dex: 11    Spells: 7/8 levels left

rFire    . . .     SeeInvis .   a - +0 falchion
rCold    . . .     Gourm    .   (no shield)
rNeg     + . .     Faith    .   f - +2 leather armour {rN+}
rPois    .         Spirit   .   (no helmet)
rElec    .         Reflect  .   (no cloak)
rCorr    .         Harm     .   (no gloves)
MR       .....                  (no boots)
Stlth    +.........             (no amulet)
Regen    0.2/turn               j - +6 ring of strength
MPRegen  0.2/turn               (no ring)

@: infused, very slightly contaminated, slow
A: +LOS, swims, slowness 1, strong legs 1
a: Hop


You were on level 3 of the Dungeon.
You were not hungry.

You visited 1 branch of the dungeon, and saw 3 of its levels.

You collected 85 gold pieces.

Inventory:

Hand Weapons
 a - a +0 falchion (weapon)
Armour
 b - a +0 leather armour
 f - a +2 leather armour of positive energy (worn)
Jewellery
 j - a +6 ring of strength (left hand)
 l - a +3 ring of evasion {unknown}
Scrolls
 e - a scroll of fear {unknown}
 g - a scroll of immolation {unknown}
 h - 2 scrolls of enchant weapon {unknown}
 i - 3 scrolls of remove curse {unknown}
 k - 2 scrolls of identify {unknown}
 p - a scroll of teleportation {unknown}
 q - a scroll of blinking {unknown}
Potions
 m - a potion of invisibility {unknown}
 n - a potion of magic {unknown}
 o - a potion of curing {unknown}
Books
 c - a book of Battle

   Spells                             Type                      Level
   a - Infusion                       Charms                       1
   b - Shroud of Golubria             Charms/Translocation         2
   c - Song of Slaying                Charms                       2
   d - Spectral Weapon                Hexes/Charms                 3
   e - Regeneration                   Charms/Necromancy            3
Comestibles
 d - a bread ration


   Skills:
 - Level 2.4 Fighting
 * Level 6.0 Long Blades
 - Level 1.2 Armour
 - Level 2.1 Dodging
 - Level 2.1 Spellcasting
 - Level 3.2 Charms


You had 7 spell levels left.
You knew the following spells:

 Your Spells              Type           Power        Failure   Level  Hunger
a - Infusion              Chrm           #...         8%          1    ##.....


Dungeon Overview and Level Annotations

Branches:
Dungeon (3/15)

Altars:
Hepliaklqana
Trog
Xom


Innate Abilities, Weirdness & Mutations

Shadows flee at your approach. (+LOS)
You can swim through water.
You cover ground slowly.
You can hop short distances.


Message History

The centaur is moderately wounded.
The centaur misses you.
You hit the centaur.
The centaur is heavily wounded.
The centaur hits you.
* * * LOW HITPOINT WARNING * * *
The hobgoblin hits you but does no damage.
The centaur misses you.
A worm comes into view.
You hit the centaur but do no damage.
The centaur is heavily wounded.
The centaur hits you but does no damage.
The hobgoblin hits you but does no damage.
You slash the centaur!
The centaur is almost dead.
The centaur hits you!
* * * LOW HITPOINT WARNING * * *
The hobgoblin hits you but does no damage.
The centaur hits you.
You die...

# ..### ...... . .
......... .#.#. !......
..#.# #..w###### ..<.#
##...g#(..##
#.[###....c@....##
#..#............# .
#...............# #
#.#.............#
#.#####..............##
#..>..#.#.##...##...##
.#........###########
....#...### ...###..##


You could see a centaur, a worm and a hobgoblin.

Vanquished Creatures
  4 adders
  An ooze (D:1)
  A worm (D:3)
  3 dart slugs (D:2)
  A leopard gecko (D:2)
  An orc (D:3)
  2 giant cockroaches
  10 goblins
  7 hobgoblins
  12 jackals
  2 kobolds
  4 quokkas
  2 bats
  3 frilled lizards
  3 rats
56 creatures vanquished.

Notes
Turn   | Place    | Note
-------+----------+-------------------------------------------
     0 | D:1      | gobwax the Barachi Skald began the quest for the Orb.
     0 | D:1      | Reached XP level 1. HP: 17/17 MP: 3/3
   242 | D:1      | Reached skill level 3 in Long Blades
   243 | D:1      | Reached XP level 2. HP: 23/23 MP: 5/5
   708 | D:1      | Reached skill level 4 in Long Blades
   710 | D:1      | Reached XP level 3. HP: 26/28 MP: 6/6
   730 | D:2      | Found a hazy altar of Hepliaklqana.
   731 | D:2      | Found a shimmering altar of Xom.
   731 | D:2      | Noticed a bullfrog
   732 | D:2      | Noticed a bullfrog
   732 | D:2      | Noticed a spectral ugly thing
  1035 | D:2      | Reached skill level 5 in Long Blades
  1061 | D:2      | Reached XP level 4. HP: 34/34 MP: 7/7
  1556 | D:3      | Found a bloodstained altar of Trog.
  1858 | D:3      | Reached skill level 6 in Long Blades
  1882 | D:3      | Reached XP level 5. HP: 29/39 MP: 3/8
  1973 | D:3      | Noticed a centaur
  1986 | D:3      | HP: 1/39 [centaur (8)]
  1986 | D:3      | Slain by a centaur

Skill      XL: |  1  2  3  4 |
---------------+-------------+-----
Long Blades    | 3 4 5 6 |  6.0
Fighting       | |  2.4
Armour         | |  1.2
Dodging        | |  2.1
Spellcasting   | |  2.1
Charms         | |  3.2

Action                   |  1- 3 |  4- 6 || total
-------------------------+-------+-------++-------
Melee: Falchion          |    86 |    71 ||   157
 Cast: Infusion          |       |     3 ||     3
 Abil: Hop               |       |     1 ||     1
  Use: Potion            |       |     1 ||     1
  Eat: Chunk             |     1 |     3 ||     4
Armor: Leather armour    |    43 |    20 ||    63
Dodge: Dodged            |    77 |    53 ||   130
       Rpst.: Falchion   |    25 |    16 ||    41
